 Dungeon Crawl Stone Soup version 0.27-a0-1065-ge809cff456 (webtiles) character file.

Game seed: 2764595156273894956

70 senseless the Cudgeller (level 4, 0/35 HPs)
             Began as a Human Monk on Apr 22, 2021.
             Succumbed to Robin's poison
             ... on level 2 of the Dungeon.
             The game lasted 00:04:01 (1791 turns).

senseless the Cudgeller (Human Monk)                Turns: 1791, Time: 00:04:01

Health: 0/35       AC:  2    Str: 12    XL:     4   Next: 44%
Magic:  4/4        EV: 17    Int: 11    God:
Gold:   38         SH:  0    Dex: 15    Spells: 3/3 levels left

rFire    . . .     SeeInvis .   a - +0 mace
rCold    . . .     Faith    .   (no shield)
rNeg     . . .     Spirit   .   b - +0 robe
rPois    .         Reflect  .   (no helmet)
rElec    .         Harm     .   (no cloak)
rCorr    .         Rampage  .   (no gloves)
Will     .....                  (no boots)
Stlth    ++........             (no amulet)
HPRegen  0.11/turn              g - +4 ring of evasion
MPRegen  0.09/turn              (no ring)

@: lethally poisoned (0 -> -4)
A: no striking features
a: no special abilities


You were on level 2 of the Dungeon.
You visited 1 branch of the dungeon, and saw 2 of its levels.

You collected 38 gold pieces.

Inventory:

Hand Weapons
 a - a +0 mace (weapon)
Armour
 b - a +0 robe (worn)
Jewellery
 g - a +4 ring of evasion (left hand)
Potions
 e - a potion of flight
 f - a potion of haste {unknown}
 i - a potion of lignification {unknown}


   Skills:
 + Level 3.4 Fighting
 + Level 3.9 Maces & Flails
 + Level 3.5 Dodging
 + Level 2.3 Stealth


You had 3 spell levels left.
You didn't know any spells.
Your spell library was empty.

Dungeon Overview and Level Annotations

Branches:
Dungeon (2/15)

Altars:

Annotations:
D:2 Robin


Message History

Robin shouts!
There is an open door here.
You hit the goblin.
The goblin is moderately wounded.
The goblin barely misses you.
You hit the goblin.
The goblin is severely wounded.
The goblin misses you. The goblin hits you with a +0 club.
Robin hits you with a +0 short sword of venom.
You are poisoned.
A rat comes into view.
You hit the goblin but do no damage.
The goblin is severely wounded.
You feel very sick. The goblin misses you.
Robin hits you with a +0 short sword of venom.
You are too injured to fight recklessly!
Okay, then.
You feel sick.
Robin says, "My goblins will feast on your bones."
Robin throws the goblin at you!
* * * LOW HITPOINT WARNING * * *
As you read the scroll labelled BUEW GUAMAINO, it crumbles to dust.
It is a scroll of identify.
e - a potion of flight
* * * LOW HITPOINT WARNING * * *
You feel sick. The goblin barely misses you.
As you read the scroll labelled HITZUE DEGYU, it crumbles to dust.
Your body is wracked with pain!
* * * LOW HITPOINT WARNING * * *
Robin convulses!
It was a scroll of torment.
* * * LOW HITPOINT WARNING * * *
You feel sick. The goblin hits you with a +0 club.
* * * LOW HITPOINT WARNING * * *
Robin roars a battlecry!
The goblin goes into a battle-frenzy!
As you read the scroll labelled FEZUHE ULUKET, it crumbles to dust.
It is a scroll of amnesia.
You feel forgetful for a moment.
You die...

#...#..g.g...#
#...#...g..###
#....)###### # #
#...... #.# #...... #.
#......## ## #.......#
#
##.#####.......#######
............r..g@g.).#
#.............#######
#.............#
############
#...........###
#...........
#...........#
#.###.....##
#.....#####.#
###+###.....#
#.##..### #.#
#.....#.....#
#.#.....# #.#
#...........# #
#.....# #.#
#.#####.....#


You could see Robin, a goblin (strong) and a rat.

Vanquished Creatures
  An adder (D:2)
  3 ball pythons
  6 bats
  4 endoplasms (D:1)
  2 giant cockroaches
  10 goblins
  10 hobgoblins
  6 jackals (D:1)
  A kobold (D:2)
  A quokka (D:2)
  2 frilled lizards (D:1)
  3 rats
49 creatures vanquished.

Notes
Turn   | Place    | Note
-------+----------+-------------------------------------------
     0 | D:1      | senseless the Human Monk began the quest for the Orb.
     0 | D:1      | Reached XP level 1. HP: 18/18 MP: 1/1
    84 | D:1      | Reached XP level 2. HP: 21/24 MP: 2/2
   587 | D:1      | Reached XP level 3. HP: 17/29 MP: 3/3
  1519 | D:2      | Reached XP level 4. HP: 34/35 MP: 4/4
  1633 | D:2      | Noticed Robin
  1790 | D:2      | HP: 1/35 [goblin/+0 club[Robin] (2)]
  1791 | D:2      | Succumbed to Robin's poison

Illustrated notes

Levels and vault maps discovered:
D:1:      nicolae_arrival_memento_mori, layout_basic
D:2:      layout_basic, serial_shops, nicolae_shop_window_shopping,
          minmay_strange_pillars, kennysheep_big_empty_room, solitary_fountain,
          minmay_misc_feat_room, uniq_crazy_yiuf_cottage, uniq_robin

Action                   |  1- 3 |  4- 6 || total
-------------------------+-------+-------++-------
Melee: Mace              |   103 |    57 ||   160
  Use: Scroll            |       |     3 ||     3
 Stab: Distracted        |     1 |       ||     1
       Sleeping          |     5 |       ||     5
Armor: Robe              |    13 |     4 ||    17
Dodge: Dodged            |    93 |    51 ||   144

Table legend: (Time is in decaauts)
 A = Elapsed time spent in this place.
 B = Non-inter-level travel time spent in this place.
 C = Inter-level travel time spent in this place.
 D = Time resting spent in this place.
 E = Time spent auto-exploring this place.
 F = Levels seen in this place.
 G = Mean time per level.
                   A        B        C        D        E       F      G
               +--------+--------+--------+--------+--------+-----+--------+
         Total |   1827 |   1808 |     19 |      5 |   1448 |   2 |  913.5 |
       Dungeon |   1827 |   1808 |     19 |      5 |   1448 |   2 |  913.5 |
               +--------+--------+--------+--------+--------+-----+--------+

Top non-repeatable levels by time:
     D:1: 1238 daAuts
     D:2: 589 daAuts
